 Dungeon Crawl Stone Soup version 0.31-a0-851-g7ff8af7976 (webtiles) character file.

Game seed: 13502233554194295154

8 BritishOli the Trooper (level 2, 24/24 HPs)
             Began as a Demonspawn Fighter on Sept 27, 2023.
             Got out of the dungeon alive.
             The game lasted 00:01:21 (358 turns).

BritishOli the Trooper (Demonspawn Fighter)          Turns: 358, Time: 00:01:22

Health: 24/24      AC:  6    Str: 16    XL:     2   Next: 0%
Magic:  2/2        EV:  8    Int:  9    God:
Gold:   46         SH:  4    Dex: 12    Spells: 1/1 levels left

rFire   . . .        a - +0 war axe
rCold   . . .        c - +0 buckler
rNeg    . . .        b - +0 scale mail
rPois   .            (no helmet)
rElec   .            (no cloak)
rCorr   .            (no gloves)
SInv    .            (no boots)
Will    .....        (no amulet) Stlth
                     (no ring)
HPRegen 0.24/turn    (no ring)
MPRegen 0.16/turn

%: no passive effects
@: no status effects
A: magic regeneration
a: no special abilities


You escaped.
You visited 1 branch of the dungeon, and saw 1 of its levels.

You collected 46 gold pieces.

Inventory:

Hand Weapons
 a - a +0 war axe (weapon)
Armour
 b - a +0 scale mail (worn)
 c - a +0 buckler (worn)
Scrolls
 e - a scroll of identify {unknown}
 f - a scroll of blinking {unknown}
 g - a scroll of fog {unknown}
 h - a scroll of butterflies {unknown}
Potions
 d - a potion of might


   Skills:
 + Level 3.1 Fighting
 + Level 2.0 Axes
 + Level 2.8 Armour
 + Level 2.8 Shields


You had one spell level left.
You didn't know any spells.
Your spell library was empty.

Dungeon Overview and Level Annotations

Branches:
Dungeon (1/15)

Altars:

Shops:
D:1 [


Innate Abilities, Weirdness & Mutations

You regenerate magic rapidly.


Message History

You closely miss the quokka. The quokka barely misses you.
The quokka bites you but does no damage.
A quokka is nearby!
You slash the quokka!
You kill the quokka!
HP restored.
A ball python comes into view.
A ball python is nearby!
A ball python is nearby!
You block the ball python's attack. The ball python barely misses you.
A ball python is nearby!
You closely miss the ball python. The ball python bites you.
The ball python barely misses you. You block the ball python's attack. x2
A ball python is nearby!
You closely miss the ball python. The ball python bites you.
The ball python closely misses you.
A ball python is nearby!
You barely miss the ball python. You block the ball python's attack.
The ball python grabs you. The ball python constricts you.
The ball python completely misses you. The ball python constricts you.
A ball python is nearby!
You slash the ball python!
You kill the ball python!
Your Axes skill increases to level 2!
You now have 46 gold pieces (gained 17).
A frilled lizard comes into view.
The frilled lizard hisses angrily.
A frilled lizard is nearby!
You miss the frilled lizard. The frilled lizard closely misses you.
A frilled lizard is nearby!
You slash the frilled lizard!
You kill the frilled lizard!
You have reached level 2!
Your demonic ancestry asserts itself...
Your magic begins to regenerate rapidly.
Okay, then.
You see here a ball python corpse.
There is an open door here.
There is a staircase leading out of the dungeon here.
You have escaped!

..........###.####.######.#
#####.##### #.............#
# #.# #######.####..# # #.#
#.'.# #####.# #.### ......#
#.###### ####### #.#....#
##.##.#.# #@.'..#.#
##.####.# #.#....# #.#.####
#.#.# #.'.# #####


There were no monsters in sight!

Vanquished Creatures
  A ball python (D:1)
  3 quokkas (D:1)
  4 frilled lizards (D:1)
8 creatures vanquished.

Notes
Turn   | Place    | Note
-------+----------+-------------------------------------------
     0 | D:1      | BritishOli the Demonspawn Fighter began the quest for the
                  | Orb.
     0 | D:1      | Reached XP level 1. HP: 18/18 MP: 1/1
   133 | D:1      | Upgraded the game from 0.31-a0-840-g6d2ecbb638 to
                  | 0.31-a0-851-g7ff8af7976
   166 | D:1      | Found Wenair's Antique Armour Shoppe.
   305 | D:1      | Gained mutation: You regenerate magic rapidly. [demonic
                  | ancestry]
   305 | D:1      | Reached XP level 2. HP: 24/24 MP: 2/2
   358 | D:$      | Got out of the dungeon alive.

Illustrated notes

Levels and vault maps discovered:
D:1:      minmay_arrival_three_doors, layout_loops_ring, serial_shops, shop

Skill      XL: |  1 |
---------------+----+-----
Axes           | 2 |  2.0
Fighting       | |  3.1
Armour         | |  2.8
Shields        | |  2.8

Action                     || total
---------------------------++-------
  Melee: War axe           ||    23
 Armour: Scale mail        ||    11
  Dodge: Dodged            ||    14
  Block: Buckler           ||     6

Table legend: (Time is in decaauts)
 A = Elapsed time spent in this place.
 B = Non-inter-level travel time spent in this place.
 C = Inter-level travel time spent in this place.
 D = Time resting spent in this place.
 E = Time spent auto-exploring this place.
 F = Levels seen in this place.
 G = Mean time per level.
                   A        B        C        D        E       F      G
               +--------+--------+--------+--------+--------+-----+--------+
         Total |    368 |    316 |     52 |      0 |    256 |   1 |  368.0 |
       Dungeon |    368 |    316 |     52 |      0 |    256 |   1 |  368.0 |
               +--------+--------+--------+--------+--------+-----+--------+

Top non-repeatable levels by time:
     D:1: 368 daAuts
